 Dungeon Crawl Stone Soup version 0.26-a0-663-g36e8fdb655 (webtiles) character file.

Game seed: 13245427461405531892

18894 jiml777 the Thaumaturge (level 12, -39/94 HPs)
             Began as a Gnoll Warper on Oct 11, 2020.
             Was an Initiate of Gozag.
             Annihilated by a boulder beetle (55 damage)
             ... on level 3 of the Lair of Beasts.
             The game lasted 01:56:31 (16444 turns).

jiml777 the Thaumaturge (Gnoll Warper)             Turns: 16444, Time: 01:56:32

Health: -39/94     AC: 11    Str: 14    XL:     12   Next: 63%
Magic:  7/25       EV: 17    Int: 21    God:    Gozag
Gold:   703        SH:  0    Dex: 14    Spells: 7/29 levels left

rFire    + . .     SeeInvis +   b - +4 quarterstaff (chaos)
rCold    . . .     Faith    .   (shield currently unavailable)
rNeg     . . .     Spirit   .   q - +2 robe {MR+}
rPois    .         Reflect  .   F - +1 hat {SInv}
rElec    .         Harm     .   m - +0 cloak
rCorr    .         Rampage  .   E - +1 pair of gloves
MR       +....                  L - +1 pair of boots {run}
Stlth    ++++......             M - amulet of regeneration
HPRegen  0.65/turn              g - ring of wizardry
MPRegen  0.19/turn              s - ring of protection from fire

@: gold aura, quick
A: distributed training, fangs 1, strong nose
a: Potion Petition, Call Merchant, Bribe Branch, Renounce Religion


You were on level 3 of the Lair of Beasts.
You worshipped Gozag.
Gozag was pleased with you.
You visited 3 branches of the dungeon, and saw 14 of its levels.

You collected 2858 gold pieces.
You spent 1582 gold pieces at shops.
You paid 573 gold pieces to Gozag.

Inventory:

Hand Weapons
 b - a +4 quarterstaff of chaos (weapon)
 n - the +7 Singing Sword {vorpal, sonic wave}
   (You found it on level 10 of the Dungeon)

   It inflicts extra damage upon your enemies.
 B - the +9 hand crossbow "Tuwkasch" {vorpal, Stlth+}
   (You found it on level 4 of the Dungeon)

   Any bolt fired from it inflicts extra damage.
   It makes you more stealthy.
Missiles
 e - 4 boomerangs of dispersal
 h - 31 bolts
 k - 51 sling bullets
 r - 10 boomerangs
 u - 41 poisoned darts (quivered)
 w - 3 silver boomerangs
 x - 191 arrows
Armour
 m - a +0 cloak (worn)
 q - a +2 robe of magic resistance (worn)
 E - a +1 pair of gloves (worn)
 F - a +1 hat of see invisible (worn)
 L - a +1 pair of boots of running (worn)
Jewellery
 g - a ring of wizardry (left hand)
 s - a ring of protection from fire (right hand)
 J - a +4 ring of evasion
 M - an amulet of regeneration (around neck)
 U - an uncursed ring of flight
 X - an uncursed amulet of magic regeneration
Wands
 j - a wand of iceblast (10)
 o - a wand of acid (1)
 G - a wand of flame (16)
 K - a wand of disintegration (28)
 T - a wand of enslavement (7)
 W - a wand of digging (2)
Scrolls
 d - a scroll of blinking
 i - 8 scrolls of teleportation
 l - 2 scrolls of amnesia
 p - 2 scrolls of fear
 H - a scroll of magic mapping
 I - a scroll of remove curse
 P - a scroll of fog
 Y - 2 scrolls of identify
Potions
 a - a potion of might
 c - a potion of flight
 t - a potion of ambrosia
 v - 3 potions of haste
 A - a potion of resistance
 N - a potion of cancellation
 O - a potion of invisibility
 R - a potion of brilliance
 S - a potion of mutation
 V - a potion of stabbing
 Z - a potion of heal wounds
Miscellaneous
 f - a tin of tremorstones (3/3)


   Skills:
 + Level 8.8 Fighting
 + Level 7.4 Short Blades
 + Level 7.4 Long Blades
 + Level 7.4 Axes
 + Level 7.4 Maces & Flails
 + Level 8.8 Polearms
 + Level 7.4 Staves
 + Level 7.4 Slings
 + Level 7.4 Bows
 + Level 7.4 Crossbows
 + Level 8.0 Throwing
 + Level 8.0 Armour
 + Level 8.8 Dodging
 + Level 7.4 Stealth
 + Level 7.4 Shields
 + Level 7.4 Unarmed Combat
 + Level 9.1 Spellcasting
 + Level 6.2 Conjurations
 + Level 6.2 Hexes
 + Level 6.2 Summonings
 + Level 6.2 Necromancy
 + Level 8.4 Translocations
 + Level 6.2 Transmutations
 + Level 6.2 Fire Magic
 + Level 6.2 Ice Magic
 + Level 6.2 Air Magic
 + Level 6.2 Earth Magic
 + Level 6.2 Poison Magic
 + Level 8.2 Invocations
 + Level 7.4 Evocations


You had 7 spell levels left.
You knew the following spells:

 Your Spells              Type           Power        Failure   Level
a - Blink                 Tloc           N/A          1%          2
b - Teleport Other        Tloc           #####...     1%          3
c - Ozocubu's Armour      Ice            #####...     1%          3
d - Passwall              Tmut/Erth      #####...     1%          2
e - Ignite Poison         Fire/Tmut/Pois #####...     1%          3
f - Lee's Rapid Deconstr  Erth           #####.....   6%          5
g - Petrify               Tmut/Erth      #####...     2%          4

Your spell library contained the following spells:

 Spells                   Type           Power        Failure   Level
 Freeze                   Ice            ####         1%          1
 Sandblast                Erth           #####.       1%          1
 Poisonous Vapours        Pois/Air       #####.       1%          2
 Conjure Flame            Conj/Fire      #####...     1%          3
 Frozen Ramparts          Ice            #####.       1%          3
 Gell's Gravitas          Tloc           #####.....   1%          3
 Lesser Beckoning         Tloc           #####.....   1%          3
 Mephitic Cloud           Conj/Pois/Air  #####...     1%          3
 Stone Arrow              Conj/Erth      #####.       1%          3
 Passage of Golubria      Tloc           N/A          1%          4
 Animate Dead             Necr           #####.....   2%          4
 Hailstorm                Conj/Ice       #####...     2%          4
 Summon Ice Beast         Ice/Summ       #####...     2%          4
 Borgnjor's Vile Clutch   Necr/Erth      #####.....   6%          5
 Fireball                 Conj/Fire      #####.....   6%          5
 Death Channel            Necr           #####.....   32%         6
 Freezing Cloud           Conj/Ice/Air   #####.....   32%         6
 Simulacrum               Ice/Necr       #####.....   32%         6
 Starburst                Conj/Fire      #####.....   32%         6
 Ignition                 Fire           #####.....   100%        8


Dungeon Overview and Level Annotations

Branches:
Dungeon (10/15)            Temple (1/1) D:7            Lair (3/6) D:8
 Shoals (0/4) Lair:3        Snake (0/4) Lair:2
    Orc: D:9-12

Altars:
Ashenzari
Cheibriados
Dithmenos
Elyvilon
Fedhas
Gozag
Hepliaklqana
Kikubaaqudgha
Makhleb
Nemelex Xobeh
Okawaru
Qazlal
Ru
Sif Muna
Trog
Uskayaw
Vehumet
Wu Jian
Xom
Yredelemnul
Zin
The Shining One

Shops:
D:7 [   Temple :


Innate Abilities, Weirdness & Mutations

Your experience applies equally to all skills.
You have very sharp teeth.
Your uncanny sense of smell can sniff out nearby items.


Message History

The wyvern looks even sicker.
The wyvern is almost dead.
The centaur is no longer petrified.
The centaur shoots an arrow.
The arrow misses you.
An elephant comes into view.
Casting: Blink (safe; 1% risk of failure)
Confirm with . or Enter, or press ? or * to list all spells.
You ignite the poison in your surroundings!
The wyvern seems to burn from within!!
You kill the wyvern!
Your Throwing skill increases to level 8!
Your Armour skill increases to level 8!
The boulder beetle is no longer distracted by gold.
The centaur shoots an arrow.
The arrow closely misses you.
The centaur shoots an arrow.
The arrow closely misses you.
An elephant comes into view.
The boulder beetle hits you!!!
Ouch! That really hurt!
You die...
Your body crumbles into a pile of gold.

..P...P..P.........Y
........>.P.Y....$......
...........P...?........
..........P$YP..........
..........$.P...........
..............(.............
..........P.P..(...........#
............(..$c(..<..#
............○○○B@...(###
#.........°○...(.((.##
#.......($....(.####
#...P.........#.....
#.§P###.......(.... #####
##.#(......... #####..##.#..
#### ## #


You could see a boulder beetle, 2 elephants and a centaur.

Vanquished Creatures
  Gastronok (Lair:2)
  3 hydras
  A two-headed ogre (D:9)
  An orange crystal statue (D:9)
  Pikel (D:5)
  A gargoyle (D:9)
  3 cane toads
  4 komodo dragons
  A rime drake (Lair:1)
  A polar bear (Lair:1)
  4 blink frogs
  2 wyverns
  16 yaks
  Eustachio (D:6)
  A basilisk (Lair:2)
  Grum (D:10)
  Edmund (D:6)
  Menkaure (D:6)
  4 nagas (Lair:2)
  4 water moccasins
  Duvessa (D:5)
  4 black bears
  3 orc warriors
  3 ice beasts
  3 sky beasts
  5 phantoms
  A necrophage (D:9)
  4 ogres
  3 wolves (D:10)
  7 centaurs
  10 bullfrogs
  Dowan (D:5)
  6 scorpions
  3 killer bees (D:10)
  9 wights
  9 howler monkeys
  A bullfrog zombie (D:9)
  3 hounds (D:9)
  4 jellies
  A quasit (D:7)
  5 orc priests
  A bullfrog skeleton (D:10)
  Crazy Yiuf (D:7)
  A gnoll shaman (D:9)
  8 orc wizards
  5 iguanas
  4 worker ants
  A killer bee zombie (D:7)
  2 worker ant zombies
  8 gnolls
  11 adders
  A shadow imp (D:10)
  5 white imps
  2 ufetubi (D:5)
  An ooze (D:3)
  An adder skeleton (D:6)
  A worm (D:2)
  4 dart slugs
  4 leopard geckos
  38 orcs
  9 bats
  8 giant cockroaches
  9 hobgoblins
  12 jackals
  8 quokkas
  A ball python (D:3)
  4 frilled lizards
  13 goblins
  10 kobolds
  12 rats
323 creatures vanquished.

Vanquished Creatures (others)
  2 wights (D:9)
  3 orc wizards
  An orc priest (D:9)
  49 fungi
  56 plants
111 creatures vanquished.

Grand Total: 434 creatures vanquished

Notes
Turn   | Place    | Note
-------+----------+-------------------------------------------
     0 | D:1      | jiml777 the Gnoll Warper began the quest for the Orb.
     0 | D:1      | Reached XP level 1. HP: 20/20 MP: 6/6
   399 | D:1      | Reached XP level 2. HP: 26/26 MP: 7/7
   707 | D:1      | Reached XP level 3. HP: 31/31 MP: 9/9
   718 | D:1      | Reached skill level 5 in Spellcasting
   923 | D:1      | Reached skill level 1 in Invocations
  1542 | D:2      | Reached skill level 1 in Short Blades
  1542 | D:2      | Reached skill level 1 in Long Blades
  1542 | D:2      | Reached skill level 1 in Axes
  1542 | D:2      | Reached skill level 1 in Maces & Flails
  1542 | D:2      | Reached skill level 1 in Staves
  1542 | D:2      | Reached skill level 1 in Slings
  1542 | D:2      | Reached skill level 1 in Bows
  1542 | D:2      | Reached skill level 1 in Crossbows
  1542 | D:2      | Reached skill level 1 in Stealth
  1542 | D:2      | Reached skill level 1 in Shields
  1542 | D:2      | Reached skill level 1 in Unarmed Combat
  1542 | D:2      | Reached skill level 1 in Evocations
  1542 | D:2      | Reached XP level 4. HP: 31/38 MP: 11/11
  1969 | D:1      | Reached skill level 1 in Conjurations
  1969 | D:1      | Reached skill level 1 in Hexes
  1969 | D:1      | Reached skill level 1 in Summonings
  1969 | D:1      | Reached skill level 1 in Necromancy
  1969 | D:1      | Reached skill level 1 in Transmutations
  1969 | D:1      | Reached skill level 1 in Fire Magic
  1969 | D:1      | Reached skill level 1 in Ice Magic
  1969 | D:1      | Reached skill level 1 in Air Magic
  1969 | D:1      | Reached skill level 1 in Earth Magic
  1969 | D:1      | Reached skill level 1 in Poison Magic
  2283 | D:2      | Learned a level 2 spell: Blink
  2305 | D:2      | Reached XP level 5. HP: 43/43 MP: 12/12
  2325 | D:2      | Noticed a moth of wrath
  2327 | D:2      | Found a bloodstained altar of Trog.
  2696 | D:3      | Learned a level 3 spell: Teleport Other
  3362 | D:3      | Found an opulent altar of Gozag.
  3383 | D:3      | Became a worshipper of Gozag Ym Sagoz the Greedy
  3446 | D:3      | Reached XP level 6. HP: 42/50 MP: 13/13
  3947 | D:3      | HP: 1/50 [something/puff of flame (5)]
  4264 | D:3      | Reached skill level 5 in Fighting
  4264 | D:3      | Reached skill level 5 in Polearms
  4264 | D:3      | Reached skill level 5 in Dodging
  4891 | D:4      | Noticed a phantom
  5836 | D:4      | Got an encrusted hand crossbow
  5837 | D:4      | Identified the +9 hand crossbow "Tuwkasch" {vorpal, Stlth+}
                  | (You found it on level 4 of the Dungeon)
  5907 | D:5      | Entered Level 5 of the Dungeon
  5932 | D:5      | Noticed Duvessa
  5934 | D:5      | Noticed Dowan
  5935 | D:5      | Noticed an ice beast
  5938 | D:5      | Noticed a sky beast
  5950 | D:5      | Killed Duvessa
  5950 | D:5      | Reached XP level 7. HP: 43/56 MP: 15/15
  5959 | D:5      | Killed Dowan
  6003 | D:5      | Reached XP level 8. HP: 50/63 MP: 16/16
  6108 | D:5      | Noticed Pikel
  6115 | D:5      | Killed Pikel
  6115 | D:5      | Reached skill level 6 in Spellcasting
  6904 | D:6      | Noticed Edmund
  6921 | D:6      | Killed Edmund
  6921 | D:6      | Reached XP level 9. HP: 59/69 MP: 18/18
  7230 | D:6      | Found a sacrificial altar of Ru.
  7424 | D:6      | Noticed Menkaure
  7848 | D:6      | Found a burning altar of Makhleb.
  7927 | D:6      | Noticed Eustachio
  7966 | D:6      | Killed Eustachio
  8016 | D:6      | Killed Menkaure
  8016 | D:6      | Reached skill level 5 in Throwing
  8016 | D:6      | Reached skill level 5 in Armour
  8097 | D:7      | Found a staircase to the Ecumenical Temple.
  8159 | D:7      | Found Oloucherpho's Armour Shoppe.
  8169 | D:7      | Bought a +1 pair of gloves for 161 gold pieces
  8169 | D:7      | Bought a +1 pair of boots of running for 511 gold pieces
  8324 | D:7      | Found a broken altar of Ashenzari.
  8408 | D:7      | Found an iron altar of Okawaru.
  8466 | D:7      | Found a stormy altar of Qazlal.
  8559 | D:7      | Found a shimmering altar of Xom.
  8578 | D:7      | Found a runed translucent door.
  8579 | D:7      | Noticed Crazy Yiuf
  8598 | D:7      | Killed Crazy Yiuf
  8646 | D:7      | Reached skill level 5 in Invocations
  8906 | D:8      | Found a snail-covered altar of Cheibriados.
  8906 | D:8      | Found a shimmering blue altar of Sif Muna.
  8917 | D:8      | Found a faded altar of an unknown god.
  8919 | D:8      | Found a faded altar of an unknown god.
  8921 | D:8      | Found a glowing silver altar of Zin.
  9046 | D:8      | Reached skill level 7 in Spellcasting
  9052 | D:8      | Found a basalt altar of Yredelemnul.
  9085 | D:8      | Noticed a komodo dragon
  9093 | D:8      | Killed a komodo dragon
  9093 | D:8      | Reached XP level 10. HP: 34/77 MP: 20/20
  9112 | D:8      | Reached skill level 5 in Short Blades
  9112 | D:8      | Reached skill level 5 in Long Blades
  9112 | D:8      | Reached skill level 5 in Axes
  9112 | D:8      | Reached skill level 5 in Maces & Flails
  9112 | D:8      | Reached skill level 5 in Staves
  9112 | D:8      | Reached skill level 5 in Slings
  9112 | D:8      | Reached skill level 5 in Bows
  9112 | D:8      | Reached skill level 5 in Crossbows
  9112 | D:8      | Reached skill level 5 in Stealth
  9112 | D:8      | Reached skill level 5 in Shields
  9112 | D:8      | Reached skill level 5 in Unarmed Combat
  9112 | D:8      | Reached skill level 5 in Evocations
  9337 | D:8      | Found a staircase to the Lair.
  9839 | D:8      | Found an ornate altar of the Wu Jian Council.
  9920 | Lair:1   | Entered Level 1 of the Lair of Beasts
 10039 | Lair:1   | Noticed a six-headed hydra
 10040 | Lair:1   | Noticed a seven-headed hydra
 10053 | Lair:1   | Killed a seven-headed hydra
 10062 | Lair:1   | Killed a six-headed hydra
 10062 | Lair:1   | Reached XP level 11. HP: 80/84 MP: 17/22
 10210 | Lair:1   | Reached skill level 5 in Conjurations
 10210 | Lair:1   | Reached skill level 5 in Hexes
 10210 | Lair:1   | Reached skill level 5 in Summonings
 10210 | Lair:1   | Reached skill level 5 in Necromancy
 10210 | Lair:1   | Reached skill level 5 in Transmutations
 10210 | Lair:1   | Reached skill level 5 in Fire Magic
 10210 | Lair:1   | Reached skill level 5 in Ice Magic
 10210 | Lair:1   | Reached skill level 5 in Air Magic
 10210 | Lair:1   | Reached skill level 5 in Earth Magic
 10210 | Lair:1   | Reached skill level 5 in Poison Magic
 10348 | Lair:1   | Reached skill level 8 in Spellcasting
 11605 | Lair:2   | Found a staircase to the Snake Pit.
 11705 | Lair:2   | HP: 4/86 [poisoned by a naga (splash of poison)]
 11725 | Lair:2   | HP: 2/86 [naga/+0 dire flail (3)]
 11857 | Lair:2   | Noticed a five-headed hydra
 11880 | Lair:2   | Killed a five-headed hydra
 12281 | Lair:2   | Learned a level 3 spell: Ozocubu's Armour
 12514 | Lair:2   | Noticed Gastronok
 12775 | Lair:2   | Killed Gastronok
 12775 | Lair:2   | Reached XP level 12. HP: 51/94 MP: 22/24
 13018 | Temple   | Entered the Ecumenical Temple
 13297 | D:9      | Found a radiant altar of Vehumet.
 13362 | D:9      | Noticed a two-headed ogre
 13368 | D:9      | Found a shadowy altar of Dithmenos.
 13410 | D:9      | Killed a two-headed ogre
 13540 | D:9      | Got a slimy chain mail
 13778 | D:9      | Learned a level 2 spell: Passwall
 13831 | D:9      | Identified the +2 chain mail "Raurip" {+Blink rF- MR+
                  | Stlth+} (You found it on level 9 of the Dungeon)
 14466 | Temple   | Bought a book of Fire for 910 gold pieces
 14470 | Temple   | Learned a level 3 spell: Ignite Poison
 14476 | Temple   | Learned a level 5 spell: Lee's Rapid Deconstruction
 14481 | Temple   | Learned a level 4 spell: Petrify
 14539 | D:10     | Entered Level 10 of the Dungeon
 14666 | D:10     | Noticed Grum
 14672 | D:10     | Killed Grum
 14790 | D:10     | Reached skill level 9 in Spellcasting
 15406 | D:10     | Found the +7 Singing Sword {vorpal, sonic wave}
 16402 | Lair:3   | Found a staircase to the Shoals.
 16412 | Lair:3   | Noticed a boulder beetle
 16425 | Lair:3   | HP: 4/94 [boulder beetle (5)]
 16444 | Lair:3   | Annihilated by a boulder beetle

Illustrated notes

Levels and vault maps discovered:
D:1:      matt_arrival_refuge, layout_basic, corner_web_ring
D:2:      layout_rooms, tgw_trog, palyth_stone_intersect
D:3:      kennysheep_the_goblin_king, layout_rooms, grunt_gozag_statues,
          minmay_misc_feat_ornament
D:4:      layout_basic, hangedman_abyss_or_decor_stabs
D:5:      layout_basic, uniq_pikel, uniq_duvessa
D:6:      layout_basic, marbit_many_paths, hangedman_ru_absence, uniq_eustachio,
          uniq_edmund, uniq_menkaure
D:7:      layout_cave_pools, grunt_qazlal_clouds, overflow_temple_1_default,
          okawaru_metal_pillars_3, temple_fountains, serial_shops, shop,
          basic_altar, uniq_crazy_yiuf_cottage
D:8:      layout_loops_ring, lemuel_crystal_altar,
          chequers_temple_overflow_minitemple, due_lair_maze_entry_diamond,
          basic_altar
D:9:      minmay_statue_hallways, layout_irregular_city,
          nicolae_dithmenos_the_darkroom, fiery_altar_vehumet
D:10:     old_forge, layout_rooms, uniq_grum
Temple:   kb_temple_of_zot
Lair:1:   layout_cave_pods, lemuel_fruit_tree, grunt_megastairs_5
Lair:2:   layout_hall_layers, minmay_snake_entry_guardpost_small,
          lemuel_fruit_fields, serial_bayou_shore_b,
          infiniplex_staircase_pool_2, uniq_gastronok
Lair:3:   layout_layer_cave, minmay_shoals_entry_centaurs,
          ebering_ghost_funeral_grove

Skill      XL: |  1  2  3  4  5  6  7  8  9 10 11 12 |
---------------+-------------------------------------+-----
Spellcasting   | 5 6 7 8 9 |  9.1
Invocations    | 1 2 3 4 5 6 7 8 |  8.2
Short Blades   | 1 2 3 4 5 6 7 |  7.4
Long Blades    | 1 2 3 4 5 6 7 |  7.4
Axes           | 1 2 3 4 5 6 7 |  7.4
Maces & Flails | 1 2 3 4 5 6 7 |  7.4
Staves         | 1 2 3 4 5 6 7 |  7.4
Slings         | 1 2 3 4 5 6 7 |  7.4
Bows           | 1 2 3 4 5 6 7 |  7.4
Crossbows      | 1 2 3 4 5 6 7 |  7.4
Stealth        | 1 2 3 4 5 6 7 |  7.4
Shields        | 1 2 3 4 5 6 7 |  7.4
Unarmed Combat | 1 2 3 4 5 6 7 |  7.4
Evocations     | 1 2 3 4 5 6 7 |  7.4
Conjurations   | 1 2 3 4 5 6 |  6.2
Hexes          | 1 2 3 4 5 6 |  6.2
Summonings     | 1 2 3 4 5 6 |  6.2
Necromancy     | 1 2 3 4 5 6 |  6.2
Transmutations | 1 2 3 4 5 6 |  6.2
Fire Magic     | 1 2 3 4 5 6 |  6.2
Ice Magic      | 1 2 3 4 5 6 |  6.2
Air Magic      | 1 2 3 4 5 6 |  6.2
Earth Magic    | 1 2 3 4 5 6 |  6.2
Poison Magic   | 1 2 3 4 5 6 |  6.2
Throwing       | 3 4 5 6 7 8 |  8.0
Armour         | 3 4 5 6 7 8 |  8.0
Fighting       | 5 6 7 8 |  8.8
Polearms       | 5 6 7 8 |  8.8
Dodging        | 5 6 7 8 |  8.8
Translocations | 6 7 8 |  8.4

Action                   |  1- 3 |  4- 6 |  7- 9 | 10-12 || total
-------------------------+-------+-------+-------+-------++-------
Melee: Spear             |   147 |   380 |       |   175 ||   702
       Bite              |     7 |    38 |     2 |    40 ||    87
       Punch             |       |     1 |       |     6 ||     7
       Whip              |       |       |    17 |       ||    17
       Quarterstaff      |       |       |       |   194 ||   194
 Fire: Hand crossbow     |       |    14 |   174 |   175 ||   363
Throw: Dart              |       |       |       |   166 ||   166
       Boomerang         |       |       |       |     1 ||     1
 Cast: Blink             |       |     1 |     2 |    47 ||    50
       Teleport Other    |       |       |     1 |       ||     1
       Ozocubu's Armour  |       |       |       |     3 ||     3
       Ignite Poison     |       |       |       |    20 ||    20
       Passwall          |       |       |       |     2 ||     2
       Petrify           |       |       |       |     1 ||     1
Invok: Call Merchant     |       |       |       |     1 ||     1
Evoke: Wand              |       |     1 |     9 |     5 ||    15
  Use: Potion            |       |     3 |       |     4 ||     7
       Scroll            |       |     5 |    12 |    11 ||    28
 Stab: Sleeping          |       |     3 |       |     6 ||     9
       Distracted        |       |       |       |     2 ||     2
       Paralysed         |       |       |       |     4 ||     4
       Petrifying        |       |       |       |     3 ||     3
       Held in net/web   |       |       |       |     1 ||     1
       Petrified         |       |       |       |     1 ||     1
Armor: Leather armour    |     7 |       |       |       ||     7
       Ring mail         |    22 |    42 |       |       ||    64
       Robe              |       |    39 |     9 |    69 ||   117
Dodge: Dodged            |    75 |   242 |    39 |   386 ||   742

Table legend: (Time is in decaauts)
 A = Elapsed time spent in this place.
 B = Non-inter-level travel time spent in this place.
 C = Inter-level travel time spent in this place.
 D = Time resting spent in this place.
 E = Time spent auto-exploring this place.
 F = Levels seen in this place.
 G = Mean time per level.
                   A        B        C        D        E       F      G
               +--------+--------+--------+--------+--------+-----+--------+
         Total |  15839 |  14823 |   1016 |   3809 |   5054 |  14 | 1131.4 |
       Dungeon |  12807 |  11945 |    862 |   3401 |   4042 |  10 | 1280.7 |
        Temple |    103 |     90 |     13 |      0 |     11 |   1 |  103.0 |
          Lair |   2928 |   2787 |    141 |    408 |   1001 |   3 |  976.0 |
               +--------+--------+--------+--------+--------+-----+--------+

Top non-repeatable levels by time:
     D:3: 2120 daAuts
     D:1: 1585 daAuts
     D:6: 1438 daAuts
  Lair:2: 1378 daAuts
     D:2: 1353 daAuts
  Lair:1: 1280 daAuts
     D:8: 1222 daAuts
     D:9: 1207 daAuts
    D:10: 1119 daAuts
     D:4: 975 daAuts
     D:5: 893 daAuts
     D:7: 892 daAuts
  Lair:3: 269 daAuts
  Temple: 103 daAuts
